 Dungeon Crawl Stone Soup version 0.20.0-15-g7f486f2 (webtiles) character file.

36 dartaniar the Insei (level 3, -3/26 HPs)
             Began as a Merfolk Transmuter on June 9, 2017.
             Slain by a goblin
             ... wielding a +0 dagger
             ... led by Robin
              (6 damage)
             ... on level 2 of the Dungeon.
             The game lasted 00:24:43 (1334 turns).

dartaniar the Insei (Merfolk Transmuter)            Turns: 1334, Time: 00:24:44

Health: -3/26      AC:  3    Str: 10    XL:     3   Next: 37%
Magic:  2/6        EV: 13    Int: 13    God:
Gold:   25         SH:  0    Dex: 14    Spells: 0/6 levels left

rFire    . . .     SeeInvis .   j - +2 dagger (drain)
rCold    . . .     Gourm    .   (no shield)
rNeg     . . .     Faith    .   b - +0 robe
rPois    .         Spirit   .   (no helmet)
rElec    .         Reflect  .   h - +0 cloak
rCorr    .         Harm     .   (no gloves)
MR       .....                  (no boots)
Stlth    +.........             (no amulet)
Regen    0.1/turn               (no ring)
MPRegen  0.1/turn               (no ring)

@: appendage, very slightly contaminated
A: change form in water, swift swim, stealthy swim, horns 2
a: End Transformation


You were on level 2 of the Dungeon.
You were not hungry.
You had grown temporary horns.
You visited 1 branch of the dungeon, and saw 2 of its levels.

You collected 25 gold pieces.

Inventory:

Hand Weapons
 i - a +0 club
 j - a +2 dagger of draining (weapon)
 l - a +0 dagger
 m - a +0 club
 n - a +0 whip
 o - a +0 short sword
Missiles
 a - 10 arrows
 e - 21 stones (quivered)
 f - 19 bolts
Armour
 b - a +0 robe (worn)
 h - a +0 cloak (worn)
 p - a +0 cloak
Potions
 g - a potion of ambrosia
Books
 c - a book of Changes

   Spells                             Type                      Level
   a - Beastly Appendage              Transmutation                1
   b - Sticks to Snakes               Transmutation                2
   c - Spider Form                    Transmutation/Poison         3
   d - Ice Form                       Ice/Transmutation            4
   e - Blade Hands                    Transmutation                5
Comestibles
 d - a meat ration


   Skills:
 + Level 1.3 Fighting
 + Level 1.2 Short Blades
 + Level 0.2 Throwing
 + Level 2.9 Dodging
 + Level 3.6 Unarmed Combat
 + Level 2.3 Spellcasting
 + Level 3.2 Transmutations


You couldn't memorise any spells.
You knew the following spells:

 Your Spells              Type           Power        Failure   Level  Hunger
a - Beastly Appendage     Tmut           ##....       6%          1    #......
b - Sticks to Snakes      Tmut           ##......     10%         2    ###....
c - Spider Form           Tmut/Pois      #.........   36%         3    ###....


Dungeon Overview and Level Annotations

Branches:
Dungeon (2/15)

Altars:

Annotations:
D:2 Robin


Innate Abilities, Weirdness & Mutations

You revert to your normal form in water.
You are very nimble and swift while swimming.
You are very stealthy in the water. (Stealth+)
You have a pair of horns on your head.


Message History

The goblin misses you. The goblin hits you. The dart slug closely misses you.
Robin misses you. The goblin hits you with a club.
You barely miss Robin.
Robin is almost dead.
The goblin hits you with a dagger!
* * * LOW HITPOINT WARNING * * *
The goblin closely misses you. Robin completely misses you.
The dart slug bites you.
* * * LOW HITPOINT WARNING * * *
The goblin barely misses you.
You barely miss Robin.
Robin is almost dead.
The goblin misses you. The goblin closely misses you. Robin closely misses you.
The goblin hits you with a club.
* * * LOW HITPOINT WARNING * * *
The dart slug barely misses you.
Casting: Beastly Appendage
Confirm with . or Enter, or press ? or * to list all spells.
You create a snake!
You now have 10 arrows.
The goblin hits you with a dagger.
You die...

#.# . #.### .. #...
. ..##..### ...
.......# #...
##..#.######... <
#........#... ..
##..gw....#.# #.#
#)..@S......###...#
#..ggg....##.....#
#<......†.†...#..
#...†.....##........
#.##########.#####..
!..# #.# #....# ..#
#....# ### #....#


You could see Robin, a dart slug, 3 goblins and a friendly adder.

Vanquished Creatures
  2 leopard geckos (D:1)
  A giant cockroach (D:2)
  6 goblins
  7 hobgoblins
  3 jackals (D:1)
  2 kobolds (D:1)
  3 bats (D:1)
  2 rats (D:1)
  5 fungi (D:1)
31 creatures vanquished.

Vanquished Creatures (collateral kills)
  A bat (D:2)
  A giant cockroach (D:2)
  A ball python (D:2)
  A goblin (D:2)
4 creatures vanquished.

Grand Total: 35 creatures vanquished

Notes
Turn   | Place    | Note
-------+----------+-------------------------------------------
     0 | D:1      | dartaniar the Merfolk Transmuter began the quest for the Orb.
     0 | D:1      | Reached XP level 1. HP: 15/15 MP: 3/3
   468 | D:1      | Reached XP level 2. HP: 19/21 MP: 5/5
   999 | D:1      | Reached XP level 3. HP: 25/26 MP: 6/6
  1263 | D:2      | Learned a level 2 spell: Sticks to Snakes
  1281 | D:2      | Learned a level 3 spell: Spider Form
  1311 | D:2      | Noticed Robin
  1314 | D:2      | Reached skill level 1 in Short Blades
  1334 | D:2      | Slain by a goblin

Skill      XL: |  1  2  3 |
---------------+----------+-----
Transmutations | 3 |  3.2
Short Blades   | 1 |  1.2
Fighting       | |  1.3
Throwing       | |  0.2
Dodging        | |  2.9
Unarmed Combat | |  3.6
Spellcasting   | |  2.3

Action                   || total
-------------------------++-------
Melee: Unarmed           ||   107
       Dagger            ||    77
       Punch             ||     5
       Headbutt          ||     6
Throw: Stone             ||     7
 Cast: Beastly Appendage ||    10
       Sticks to Snakes  ||     2
  Use: Scroll            ||     7
       Potion            ||     1
  Eat: Bread ration      ||     1
Armor: Robe              ||    26
Dodge: Dodged            ||    85
